 Dungeon Crawl Stone Soup version 0.23.2-40-g277498a001 (webtiles) character file.

Game seed: 8874624387482630071

15802 Gildeon the Basher (level 12, -6/105 HPs)
             Began as a Minotaur Fighter on Oct 16, 2019.
             Was an Elder of the Shining One.
             Killed from afar by a hellion (31 damage)
             ... with damnation
             ... in a Gauntlet.
             The game lasted 00:32:42 (11356 turns).

Gildeon the Basher (Minotaur Fighter)              Turns: 11356, Time: 00:32:43

Health: -6/105     AC: 24    Str: 24    XL:     12   Next: 4%
Magic:  13/13      EV:  8    Int:  5    God:    the Shining One [****..]
Gold:   448        SH: 20    Dex: 12    Spells: 10/11 levels left

rFire    + . .     SeeInvis .   q - +2 flail (protect)
rCold    x . .     Gourm    .   s - +2 large shield
rNeg     + + .     Faith    .   A - +0 plate armour
rPois    .         Spirit   .   (helmet restricted)
rElec    .         Reflect  .   H - +0 cloak
rCorr    .         Harm     .   (no gloves)
MR       +....     NoTele   +   t - +0 pair of boots
Stlth    ..........             (no amulet)
HPRegen  0.27/turn              x - ring of protection from magic
MPRegen  0.13/turn              M - ring of fire

@: protection aura, glowing
A: retaliatory headbutt, horns 2
a: Divine Shield, Cleansing Flame, Renounce Religion


You were in a Gauntlet.
You worshipped the Shining One.
The Shining One was greatly pleased with you.
You were not hungry.

You visited 2 branches of the dungeon, and saw 14 of its levels.
You also visited: Gauntlet.

You collected 942 gold pieces.
You spent 494 gold pieces at shops.

Inventory:

Hand Weapons
 q - a +2 flail of protection (weapon)
Armour
 s - a +2 large shield (worn)
 t - a +0 pair of boots (worn)
 A - a +0 plate armour (worn)
 H - a +0 cloak (worn)
Jewellery
 x - a ring of protection from magic (left hand)
 G - an uncursed ring of protection from cold
 M - a ring of fire (right hand)
 N - a +3 ring of dexterity
Wands
 b - a wand of flame (16)
 c - a wand of iceblast (8)
 n - a wand of acid (12)
 y - a wand of paralysis (5)
 C - a wand of disintegration (26)
 D - a wand of polymorph (24)
Scrolls
 e - 6 scrolls of magic mapping
 g - 3 scrolls of teleportation
 h - 5 scrolls of remove curse
 i - 6 scrolls of fog
 k - 4 scrolls of enchant armour
 l - 4 scrolls of blinking
 u - 2 scrolls of enchant weapon {unknown}
 K - a scroll of immolation {unknown}
 L - a scroll of fear {unknown}
Potions
 a - 2 potions of cancellation
 d - 3 potions of might
 j - a potion of magic
 m - 4 potions of curing
 o - 3 potions of mutation
 p - 5 potions of ambrosia
 r - 4 potions of haste
 v - 3 potions of flight
 w - 3 potions of resistance
 z - a potion of berserk rage
 B - 5 potions of heal wounds
 F - a potion of brilliance {unknown}
 I - a potion of lignification {unknown}
 J - 2 potions of agility {unknown}
Comestibles
 f - 24 rations
 E - a chunk of flesh


   Skills:
 + Level 9.6 Fighting
 - Level 14.0 Maces & Flails
 + Level 9.6 Armour
 + Level 8.7 Dodging
 + Level 9.6 Shields
 - Level 2.5 Invocations
 - Level 2.7 Evocations


You had 10 spell levels left.
You knew the following spells:

 Your Spells              Type           Power        Failure   Level  Hunger
a - Confusing Touch       Hex            #.....       100%        1    ##.....

Your spell library contained the following spells:

 Spells                   Type           Power        Failure   Level  Hunger
 Beastly Appendage        Tmut           #.....       100%        1    ##.....
 Poisonous Vapours        Pois/Air       #.....       100%        2    ###....
 Sticks to Snakes         Tmut           #.......     100%        2    ###....
 Confuse                  Hex            #.......     100%        3    ####...
 Conjure Flame            Conj/Fire      #.......     100%        3    ####...
 Gell's Gravitas          Tloc           #.........   100%        3    ####...
 Mephitic Cloud           Conj/Pois/Air  #.......     100%        3    ####...
 Spider Form              Tmut/Pois      #.........   100%        3    ####...
 Ice Form                 Ice/Tmut       #.......     100%        4    #####..
 Petrify                  Tmut/Erth      #.......     100%        4    #####..
 Blade Hands              Tmut           #.........   100%        5    ######.
 Metabolic Englaciation   Hex/Ice        #.........   100%        5    ######.
 Yara's Violent Unravell  Hex/Tmut       #.........   100%        5    ######.
 Freezing Cloud           Conj/Ice/Air   #.........   100%        6    #######
 Ring of Flames           Chrm/Fire      #.........   100%        7    #######


Dungeon Overview and Level Annotations

Branches:
Dungeon (13/15)            Temple (1/1) D:4            Lair (0/6) D:8
    Orc (0/2) D:12
 Vaults: D:13-14

Altars:
Ashenzari
Cheibriados
Dithmenos
Elyvilon
Fedhas
Gozag
Hepliaklqana
Kikubaaqudgha
Makhleb
Nemelex Xobeh
Okawaru
Qazlal
Ru
Sif Muna
Trog
Uskayaw
Vehumet
Wu Jian
Xom
Yredelemnul
Zin
The Shining One

Shops:
D:7 }!*((   D:13 %

Annotations:
D:12 1 runed translucent door, exclusion: door Gauntlet 21 runed translucent doors, 7 transporters, exclusion: ice statue


Innate Abilities, Weirdness & Mutations

You reflexively headbutt those who attack you in melee.
You have a pair of horns on your head.


Message History

Your experience leads to an increase in your attributes!
Increase (S)trength, (I)ntelligence, or (D)exterity?
You feel stronger.
You feel agile. You block the hellion's attack.
The hellion completely misses you.
The hellion hits you but does no damage.
You thump the hellion!
The hellion is heavily wounded.
You block the hellion's attack.
You hit the hellion but do no damage.
The hellion is heavily wounded.
The hellion gestures at you.
The sphere of damnation explodes!
The damnation engulfs you!!
* * * LOW HITPOINT WARNING * * *
The damnation engulfs the hellion.
The hellion completely resists.
You hit the hellion but do no damage. You headbutt the hellion!
The hellion is severely wounded.
The hellion gestures at you.
The sphere of damnation explodes!
The damnation engulfs you!!
You die...

#.....#.©.#....≈....#.©.#...
###...8.#...#...≈8≈...#...#.8.
#8#.....#.©.#....≈....#.©.#...
###..###########...###########
#..#...#.#2..#...#......#9Y#
###..#..#...#..#...#.....#..9#
#8#..#.##...##.#...##....#...#
###..##..#.#^.##...#.##©#....#
#..#....©..@2#...#9..###...#
#..##..#^#..##...#....#.##.#
#8#..#^#######.#...#...#....##
###..#..#..^#..#...#..9#.....#
#..#...!©:=..#...#[.#=©...!#
#..###########...###########
#...........................
#≈............≈∩≈...........
############################


You could see a hellion and a molten gargoyle.

Vanquished Creatures
  A hydra (D:11)
  A centaur warrior (D:9)
  A two-headed ogre (D:13)
  A sun demon (Gauntlet)
  A fire crab (Gauntlet)
  A deep elf mage (D:12)
  A cyclops (D:11)
  An ugly thing (D:11)
  A gargoyle (D:10)
  A freezing wraith (D:12)
  2 trolls (D:12)
  A raiju (Gauntlet)
  2 dream sheep (D:11)
  A hippogriff (D:10)
  4 fire bats (Gauntlet)
  19 yaks
  A steam dragon (Gauntlet)
  2 hungry ghosts
  A water moccasin (D:8)
  An acid dragon (D:12)
  An orc warrior (D:7)
  2 sky beasts
  A black bear (D:4)
  2 phantoms
  5 ogres
  2 ice beasts
  12 centaurs
  5 big kobolds
  8 bullfrogs
  2 wyvern skeletons
  5 scorpions
  14 killer bees
  3 wights (D:13)
  3 howler monkeys
  4 crimson imps
  A bullfrog zombie (D:6)
  A centaur zombie (D:11)
  A quasit (D:10)
  2 jellies
  12 orc wizards
  4 orc priests
  6 hounds
  A centaur skeleton (D:11)
  Natasha (thrice) (D:3)
  4 iguanas
  14 worker ants
  2 hound skeletons
  2 gnolls (D:1)
  A howler monkey skeleton (D:4)
  9 adders
  2 shadow imps
  6 oozes
  An adder skeleton (D:8)
  7 worms
  A dart slug (D:2)
  9 leopard geckos
  30 orcs
  4 bats
  5 giant cockroaches
  9 goblins
  4 hobgoblins
  20 jackals
  6 quokkas
  4 ball pythons
  A ball python skeleton (D:4)
  5 frilled lizards
  A jackal skeleton (D:7)
  22 kobolds
  A leopard gecko skeleton (D:6)
  A quokka skeleton (D:4)
  15 rats
  A bush (D:6)
331 creatures vanquished.

Vanquished Creatures (others)
  An orc wizard (D:7)
  2 fungi (Gauntlet)
  12 plants (Gauntlet)
15 creatures vanquished.

Grand Total: 346 creatures vanquished

Notes
Turn   | Place    | Note
-------+----------+-------------------------------------------
     0 | D:1      | Gildeon the Minotaur Fighter began the quest for the Orb.
     0 | D:1      | Reached XP level 1. HP: 19/19 MP: 0/0
     1 | D:1      | Found a runed translucent door.
    14 | D:1      | Reached skill level 3 in Maces & Flails
    16 | D:1      | Reached XP level 2. HP: 19/26 MP: 1/1
    29 | D:1      | Reached skill level 4 in Maces & Flails
   176 | D:1      | Reached XP level 3. HP: 31/31 MP: 2/2
   410 | D:1      | Reached skill level 5 in Maces & Flails
   603 | D:1      | Reached XP level 4. HP: 36/39 MP: 3/3
  1060 | D:2      | Found a glowing golden altar of the Shining One.
  1060 | D:2      | Found a sparkling altar of Nemelex Xobeh.
  1066 | D:2      | Became a worshipper of the Shining One
  1371 | D:2      | Found a faded altar of an unknown god.
  1378 | D:2      | Found a snail-covered altar of Cheibriados.
  1478 | D:2      | Found a shadowy altar of Dithmenos.
  1480 | D:2      | Found a shimmering altar of Xom.
  1480 | D:2      | Found a bloodstained altar of Trog.
  1490 | D:2      | Reached skill level 6 in Maces & Flails
  1491 | D:2      | Found an ornate altar of the Wu Jian Council.
  1491 | D:2      | Found a shimmering altar of Xom.
  1491 | D:2      | Found a stormy altar of Qazlal.
  1673 | D:2      | Found a radiant altar of Vehumet.
  1906 | D:3      | Noticed Natasha
  1914 | D:3      | Killed Natasha
  1914 | D:3      | Reached XP level 5. HP: 33/45 MP: 4/4
  2216 | D:3      | Noticed Natasha
  2224 | D:3      | Killed Natasha
  2224 | D:3      | Reached skill level 7 in Maces & Flails
  2533 | D:3      | You fall through a shaft for 3 floors!
  2533 | D:6      | Found an ancient bone altar of Kikubaaqudgha.
  2660 | D:6      | Reached XP level 6. HP: 51/51 MP: 5/5
  2664 | D:5      | Entered Level 5 of the Dungeon
  2771 | D:4      | Found a basalt altar of Yredelemnul.
  2935 | D:3      | Noticed Natasha
  2942 | D:3      | Killed Natasha
  2942 | D:3      | Reached skill level 8 in Maces & Flails
  3039 | D:4      | Reached * piety under the Shining One
  3062 | D:4      | Found a shattered altar of Ashenzari.
  3101 | D:4      | Found a staircase to the Ecumenical Temple.
  3120 | D:4      | Reached skill level 9 in Maces & Flails
  3124 | D:4      | Reached XP level 7. HP: 51/57 MP: 6/6
  3180 | Temple   | Entered the Ecumenical Temple
  3432 | D:4      | Found a burning altar of Makhleb.
  3741 | D:4      | Reached skill level 10 in Maces & Flails
  3776 | D:4      | Reached ** piety under the Shining One
  3860 | D:4      | Reached skill level 11 in Maces & Flails
  4004 | D:5      | Reached XP level 8. HP: 63/64 MP: 7/7
  4226 | D:5      | Found a sparkling altar of Nemelex Xobeh.
  4301 | D:5      | Found an opulent altar of Gozag.
  4480 | D:5      | Reached skill level 12 in Maces & Flails
  5117 | D:6      | Found a deep blue altar of Sif Muna.
  5194 | D:7      | Reached skill level 13 in Maces & Flails
  5370 | D:7      | Found Pinerchu's General Store.
  5395 | D:7      | Bought a potion of ambrosia for 96 gold pieces
  5395 | D:7      | Bought a potion of berserk rage for 60 gold pieces
  5404 | D:7      | Found Godutak's Distillery.
  5414 | D:7      | Found Depron's Antique Weapon Emporium.
  5468 | D:7      | Bought a potion of flight for 39 gold pieces
  5468 | D:7      | Bought a potion of mutation for 104 gold pieces
  5468 | D:7      | Bought a potion of haste for 130 gold pieces
  5468 | D:7      | Bought a potion of heal wounds for 65 gold pieces
  5496 | D:7      | Found Cerenote's Gadget Boutique.
  5659 | D:7      | Reached XP level 9. HP: 70/70 MP: 8/8
  5805 | D:7      | Found Larphy's Antique Weapon Emporium.
  5903 | D:7      | Reached skill level 14 in Maces & Flails
  6193 | D:8      | Found a white marble altar of Elyvilon.
  6199 | D:8      | Reached skill level 1 in Dodging
  6514 | D:8      | Found an iron altar of Okawaru.
  6579 | D:8      | Found a staircase to the Lair.
  6986 | D:9      | Noticed a centaur warrior
  6986 | D:9      | Reached *** piety under the Shining One
  7008 | D:9      | Killed a centaur warrior
  7008 | D:9      | Reached skill level 5 in Fighting
  7008 | D:9      | Reached skill level 5 in Armour
  7008 | D:9      | Reached skill level 5 in Shields
  7368 | D:9      | Reached XP level 10. HP: 83/83 MP: 9/9
  7536 | D:9      | Reached skill level 5 in Dodging
  7701 | D:10     | Entered Level 10 of the Dungeon
  7758 | D:10     | Reached skill level 1 in Invocations
  7758 | D:10     | Reached skill level 1 in Evocations
  7981 | D:10     | Learned a level 1 spell: Confusing Touch
  8609 | D:10     | Noticed a gargoyle
  8620 | D:10     | Killed a gargoyle
  8792 | D:11     | Noticed a cyclops
  8802 | D:11     | Killed a cyclops
  8813 | D:11     | Noticed a red ugly thing
  8826 | D:11     | Killed a red ugly thing
  9129 | D:11     | Reached XP level 11. HP: 92/92 MP: 12/12
  9293 | D:11     | Noticed a three-headed hydra
  9302 | D:11     | Killed a three-headed hydra
  9489 | D:11     | Reached **** piety under the Shining One
  9532 | D:12     | Found a staircase to the Orcish Mines.
  9594 | D:12     | Noticed a phantasmal warrior
  9594 | D:12     | Noticed a centaur warrior
  9594 | D:12     | Noticed a centaur warrior
  9595 | D:12     | Noticed a wolf spider
  9597 | D:12     | Found a runed translucent door.
  9599 | D:12     | Noticed a catoblepas
  9746 | D:12     | Noticed a deep elf mage
  9757 | D:12     | Killed a deep elf mage
 10536 | D:13     | Noticed a two-headed ogre
 10548 | D:13     | Killed a two-headed ogre
 10556 | D:13     | Found Kofitaw's Food Emporium.
 10815 | D:13     | Found a gate leading to a gauntlet.
 10822 | Gauntlet | Entered a Gauntlet
 10822 | Gauntlet | Found a large runed translucent door.
 10822 | Gauntlet | Found a large runed translucent door.
 10822 | Gauntlet | Found a large runed translucent door.
 10822 | Gauntlet | Found a large runed translucent door.
 10822 | Gauntlet | Found a runed translucent door.
 10822 | Gauntlet | Found a large runed translucent door.
 10822 | Gauntlet | Found a large runed translucent door.
 10822 | Gauntlet | Found a transporter.
 10822 | Gauntlet | Found a transporter.
 10822 | Gauntlet | Found a large runed translucent door.
 10822 | Gauntlet | Found a large runed translucent door.
 10822 | Gauntlet | Found a runed translucent gate.
 10822 | Gauntlet | Found a runed translucent gate.
 10822 | Gauntlet | Found a transporter.
 10822 | Gauntlet | Noticed a death scarab
 10824 | Gauntlet | Noticed a fire crab
 10825 | Gauntlet | Found a transporter.
 10826 | Gauntlet | Found a runed translucent gate.
 10826 | Gauntlet | Found a runed translucent door.
 10826 | Gauntlet | Found a transporter.
 10831 | Gauntlet | Found a large runed translucent door.
 10831 | Gauntlet | Found a large runed translucent door.
 10838 | Gauntlet | Found a transporter.
 10840 | Gauntlet | Found a transporter.
 10852 | Gauntlet | Found a transporter.
 10859 | Gauntlet | Noticed a catoblepas
 10896 | Gauntlet | Found a large runed translucent door.
 10896 | Gauntlet | Found a large runed translucent door.
 10899 | Gauntlet | Found a large runed translucent door.
 10899 | Gauntlet | Found a large runed translucent door.
 10900 | Gauntlet | Found a large runed translucent door.
 10901 | Gauntlet | Found a large runed translucent door.
 10941 | Gauntlet | Found a transporter.
 10951 | Gauntlet | Found a transporter.
 10955 | Gauntlet | Found a transporter.
 10964 | Gauntlet | Noticed a sun demon
 11034 | Gauntlet | Killed a fire crab
 11335 | Gauntlet | Found a transporter.
 11350 | Gauntlet | Killed a sun demon
 11350 | Gauntlet | Reached XP level 12. HP: 41/105 MP: 13/13
 11356 | Gauntlet | Killed from afar by a hellion

Skill      XL: |  1  2  3  4  5  6  7  8  9 10 11 |
---------------+----------------------------------+-----
Maces & Flails | 3 4 5 6 7 9 11 13 14 | 14.0
Dodging        | 4 6 8 |  8.7
Fighting       | 5 7 9 |  9.6
Armour         | 5 7 9 |  9.6
Shields        | 5 7 9 |  9.6
Invocations    | 2 |  2.5
Evocations     | 2 |  2.7

Action                   |  1- 3 |  4- 6 |  7- 9 | 10-12 || total
-------------------------+-------+-------+-------+-------++-------
Melee: Flail             |    67 |   185 |   331 |   497 ||  1080
       Headbutt          |    10 |    29 |    58 |    89 ||   186
Evoke: Wand              |       |       |       |     6 ||     6
  Use: Scroll            |       |     9 |     3 |     4 ||    16
       Potion            |       |       |       |     1 ||     1
  Eat: Chunk             |       |     7 |    13 |    11 ||    31
       Ration            |       |       |     1 |     1 ||     2
Armor: Scale mail        |    25 |    75 |     5 |       ||   105
       Chain mail        |       |       |    84 |       ||    84
       Plate armour      |       |       |    47 |   171 ||   218
Dodge: Dodged            |    22 |    44 |    33 |    74 ||   173
Block: Shield            |    26 |    90 |       |       ||   116
       Large shield      |       |       |   212 |   411 ||   623
